 Dungeon Crawl Stone Soup version 0.29-a0-515-g7c1fb6cc08 (webtiles) character file.

Game seed: 7937740773473879024

51 Bruhh the Caller (level 3, 0/31 HPs)
             Began as an Ogre Summoner on May 30, 2022.
             Slain by Natasha (5 damage)
             ... on level 3 of the Dungeon.
             The game lasted 00:02:31 (2572 turns).

Bruhh the Caller (Ogre Summoner)                    Turns: 2572, Time: 00:02:32

Health: 0/31       AC:  3    Str: 12    XL:     3   Next: 81%
Magic:  8/8        EV:  9    Int: 18    God:
Gold:   121        SH:  0    Dex:  9    Spells: 6/9 levels left

rFire   . . .      SeeInvis .   b - +2 hand axe (venom)
rCold   . . .      Faith    +   (no shield)
rNeg    . . .      Spirit   .   a - +0 robe
rPois   .          Reflect  .   (helmet restricted)
rElec   .          Harm     .   (no cloak)
rCorr   .          Rampage  .   (gloves unavailable)
Will    .....                   (boots unavailable)
Stlth   +.........              g - amulet of faith
HPRegen 0.10/turn               (no ring)
MPRegen 0.11/turn               (no ring)

@: no status effects
A: large, unfitting armour, tough skin 1
a: no special abilities


You were on level 3 of the Dungeon.
You visited 1 branch of the dungeon, and saw 3 of its levels.

You collected 121 gold pieces.

Inventory:

Hand Weapons
 b - a +2 hand axe of venom (weapon)
Armour
 a - a +0 robe (worn)
Jewellery
 g - an amulet of faith (around neck)
Scrolls
 d - 2 scrolls of fog {unknown}
 f - a scroll of amnesia {unknown}
 j - a scroll of enchant weapon {unknown}
 k - a scroll of noise {unknown}
 o - a scroll of torment {unknown}
Potions
 c - a potion of resistance {unknown}
 e - a potion of heal wounds {unknown}
 h - a potion of curing {unknown}
 i - a potion of degeneration {unknown}
 l - a potion of mutation {unknown}
 m - 2 potions of invisibility {unknown}
 n - a potion of magic


   Skills:
 - Level 1.7 Dodging
 - Level 1.4 Stealth
 + Level 3.6 Spellcasting
 + Level 4.2 Summonings


You had 6 spell levels left.
You knew the following spells:

 Your Spells              Type           Power      Damage    Failure   Level
a - Summon Small Mammal   Summ           72%        N/A       2%          1
b - Call Imp              Summ           18%        N/A       4%          2

Your spell library contained the following spells:

 Spells                   Type           Power      Damage    Failure   Level
 Call Canine Familiar     Summ           18%        N/A       8%          3
 Apportation              Tloc           6%         N/A       16%         1
 Necrotize                Necr           12%        1d4       16%         1
 Summon Guardian Golem    Hex/Summ       10%        N/A       19%         3
 Summon Lightning Spire   Summ/Air       10%        N/A       54%         4


Dungeon Overview and Level Annotations

Branches:
Dungeon (3/15)

Altars:
Dithmenos
Wu Jian

Shops:
D:1 [

Annotations:
D:3 Natasha


Innate Abilities, Weirdness & Mutations

You are too large for most types of armour.
You have tough skin. (AC +1)


Message History

a jackal corpse; a quokka corpse A goblin is nearby!
A goblin is nearby!
A goblin is nearby!
Natasha, Servant of Life and Death comes into view.
You see here a jackal corpse.
Natasha drinks a potion.
Natasha's spells are empowered!
A hobgoblin comes into view.
The hobgoblin shouts!
The goblin shouts!
You hear a bark!
You hit the goblin.
The goblin is poisoned.
You punch the goblin.
You kill the goblin!
Natasha stares at you and mumbles some strange words.
The magic dart hits you. Natasha casts a spell at you. The magic dart hits you.
The teleport trap disappears.
The hobgoblin disappears!
A jackal comes into view.
The jackal barks!
You hit Natasha but do no damage.
A jackal comes into view.
Natasha claws you!
Natasha mumbles some strange words.
You slash Natasha!
Natasha is poisoned.
Natasha is heavily wounded.
You hit the jackal but do no damage. You hit the white imp.
The jackal bites you.
The white imp hits you but does no damage.
The jackal barely misses you. Natasha casts a spell at you.
The magic dart hits you!
* * * LOW HITPOINT WARNING * * *
You are too injured to fight recklessly!
You are too injured to fight recklessly!
You closely miss Natasha.
Natasha is heavily wounded.
You hit the jackal. You barely miss the white imp.
Natasha seems less brilliant.
The jackal bites you but does no damage.
Natasha claws you.
You die...

. ....# #.# ### #.....
..# # .. #.....
..###.#####
#..#..##.......<.). #
#..# ..............
#.#.h# ...#########.
#..hh####..# #.
##.##@5†....# ##
#...#.####.## #
#)...###.###### #
...................# #
##.##.....###.####.#
##
#........#.####.#####.
#..................##.
#.#.#.##.#.###.###....
#..#..##.#.###.# #....


You could see Natasha (very poisoned), a white imp (summoned) and 2 jackals.

Vanquished Creatures
  A dart slug (D:1)
  2 bats
  2 endoplasms
  3 goblins
  3 hobgoblins
  2 jackals (D:3)
  2 quokkas
  3 kobolds
18 creatures vanquished.

Vanquished Creatures (collateral kills)
  An adder (D:2)
  An orc (D:2)
  A bat (D:1)
  An endoplasm (D:1)
  2 giant cockroaches (D:1)
  2 goblins
  2 hobgoblins
  A kobold (D:3)
  2 frilled lizards (D:2)
  A rat (D:2)
14 creatures vanquished.

Grand Total: 32 creatures vanquished

Notes
Turn   | Place    | Note
-------+----------+-------------------------------------------
     0 | D:1      | Bruhh the Ogre Summoner began the quest for the Orb.
     0 | D:1      | Reached XP level 1. HP: 16/16 MP: 3/3
    26 | D:1      | Found Readial's Antique Armour Shop.
   192 | D:1      | Reached XP level 2. HP: 18/24 MP: 3/5
   452 | D:1      | You fall into a shaft and drop 1 floor!
   452 | D:2      | Found an ornate altar of the Wu Jian Council.
   587 | D:2      | Learned a level 2 spell: Call Imp
   592 | D:2      | Found a faded altar of an unknown god.
   719 | D:2      | Reached skill level 4 in Summonings
   844 | D:2      | Reached XP level 3. HP: 31/31 MP: 2/7
  2470 | D:3      | Found a shadowy altar of Dithmenos.
  2564 | D:3      | Noticed Natasha
  2572 | D:3      | Slain by Natasha

Illustrated notes

Levels and vault maps discovered:
D:1:      kennysheep_arrival_seaside, layout_basic, serial_shops, shop,
          fountainhead
D:2:      layout_basic, basic_altar, hellmonk_ecumenical_altar_crossroads
D:3:      layout_loops_ring, brannock_xom_greatest_gift,
          lemuel_coloured_pillars_altar, mainiacjoe_overflow_alcove_4,
          mainiacjoe_overflow_catwalk, uniq_natasha

Skill      XL: |  1  2 |
---------------+-------+-----
Spellcasting   | 3 |  3.6
Summonings     | 4 |  4.2
Dodging        | |  1.7
Stealth        | |  1.4

Action                   || total
-------------------------++-------
Melee: Unarmed           ||    41
       Hand axe          ||    31
       Punch             ||     1
 Cast: Summon Small Mamm ||    34
       Call Imp          ||     8
  Use: Potion            ||     1
 Stab: Distracted        ||     1
       Sleeping          ||     1
Armor: Robe              ||    30
Dodge: Dodged            ||    29

Table legend: (Time is in decaauts)
 A = Elapsed time spent in this place.
 B = Non-inter-level travel time spent in this place.
 C = Inter-level travel time spent in this place.
 D = Time resting spent in this place.
 E = Time spent auto-exploring this place.
 F = Levels seen in this place.
 G = Mean time per level.
                   A        B        C        D        E       F      G
               +--------+--------+--------+--------+--------+-----+--------+
         Total |   2583 |   2466 |    117 |      0 |   2110 |   3 |  861.0 |
       Dungeon |   2583 |   2466 |    117 |      0 |   2110 |   3 |  861.0 |
               +--------+--------+--------+--------+--------+-----+--------+

Top non-repeatable levels by time:
     D:1: 1158 daAuts
     D:2: 948 daAuts
     D:3: 476 daAuts
